 Seeded DCSS version 0.30.1-11-g7821555f0a (webtiles) character file.

Game seed: 5 (custom seed)

738 Kazon the Chopper (level 7, -1/53 HPs)
             Began as a Demonspawn Gladiator on Jan 8, 2024.
             Was a Follower of Okawaru.
             Slain by an ogre
             ... wielding a +0 giant spiked club
              (18 damage)
             ... on level 5 of the Dungeon.
             The game lasted 00:14:19 (2775 turns).

Kazon the Chopper (Demonspawn Gladiator)            Turns: 2775, Time: 00:14:20

Health: -1/53      AC:  4    Str: 17    XL:     7   Next: 46%
Magic:  0/18       EV: 13    Int:  9    God:    Okawaru [*.....]
Gold:   203        SH:  0    Dex: 20    Spells: 6/6 levels left

rFire   . . .        B - +2 executioner's axe (elec)
rCold   . . .        (shield currently unavailable)
rNeg    . . .        b - +0 leather armour
rPois   .            (helmet unavailable)
rElec   .            (no cloak)
rCorr   .            (no gloves)
SInv    +            (no boots)
Will    .....        E - amulet of guardian spirit
Stlth   ++           r - ring of magical power
HPRegen 1.28/turn    y - +6 ring of dexterity
MPRegen 0.16/turn

%: guardian spirit
@: no status effects
A: antennae 3, rugged brown scales 1, powered by death 1
a: Renounce Religion, Heroism


You were on level 5 of the Dungeon.
You worshipped Okawaru.
Okawaru was aware of your devotion.
You visited 2 branches of the dungeon, and saw 6 of its levels.

You collected 203 gold pieces.

Inventory:

Hand Weapons
 a - a +0 war axe
 e - a +2 vampiric dagger
 f - a +0 hand axe of flaming
 B - a +2 executioner's axe of electrocution (weapon)
Missiles
 d - 3 throwing nets
 g - 7 stones (quivered)
 k - 3 boomerangs
 l - a javelin
 u - 4 poisoned darts
Armour
 b - a +0 leather armour (worn)
 c - a +0 tower shield
Jewellery
 r - a ring of magical power (left hand)
 y - a +6 ring of dexterity (right hand)
 E - an amulet of guardian spirit (around neck)
Wands
 C - a wand of paralysis (8)
Scrolls
 h - a scroll of fog {unknown}
 n - a scroll of blinking {unknown}
 o - 2 scrolls of identify {unknown}
 p - a scroll of summoning {unknown}
 q - 2 scrolls of magic mapping {unknown}
 t - 2 scrolls of teleportation {unknown}
 x - a scroll of torment {unknown}
 A - a scroll of amnesia {unknown}
Potions
 i - 2 potions of invisibility {unknown}
 j - 3 potions of curing {unknown}
 m - a potion of magic {unknown}
 s - a potion of flight {unknown}
 v - a potion of resistance {unknown}
 w - a potion of berserk rage {unknown}
 z - 2 potions of heal wounds {unknown}
 D - a potion of lignification {unknown}
 F - a potion of attraction {unknown}


   Skills:
 + Level 3.2 Fighting
 + Level 4.9 Axes
 + Level 3.1 Throwing
 + Level 2.0 Armour
 + Level 3.2 Dodging
 * Level 2.9 Stealth
 * Level 3.0 Invocations
 * Level 1.6 Evocations


You had 6 spell levels left.
You didn't know any spells.
Your spell library contained the following spells:

 Spells                   Type           Power      Damage    Failure   Level
 Frozen Ramparts          Ice            0%         1d1       82%         3
 Ice Form                 Ice/Tmut       0%         N/A       99%         4
 Summon Ice Beast         Ice/Summ       Unusable   N/A       N/A         4

Dungeon Overview and Level Annotations

Branches:
Dungeon (5/15)             Temple (1/1) D:4

Altars:
Dithmenos
Fedhas
Gozag
Hepliaklqana
Okawaru
Qazlal
Trog
Uskayaw
Wu Jian


Innate Abilities, Weirdness & Mutations

You have a pair of large antennae on your head. (SInv)
You are partially covered in rugged brown scales. (AC +1, +3% HP)
You regenerate a little health from kills.


Message History

You throw a stone. The stone hits the gnoll.
The gnoll is moderately wounded.
A gnoll comes into view. It is wielding a +0 spear.
Unknown command.
Throw: 9 stones
Press: ? - help, Q - select action, (/) - cycle Shift-Dir - straight line, f/p - gnoll
Aim: a gnoll, wielding a +0 spear (moderately wounded, 68% to hit)
You throw a stone. The stone barely misses the gnoll.
Unknown command.
Throw: 8 stones
Press: ? - help, Q - select action, (/) - cycle Shift-Dir - straight line, f/p - gnoll
Aim: a gnoll, wielding a +0 spear (lightly wounded, 68% to hit)
You throw a stone. The stone barely misses the gnoll.
Unknown command.
A gnoll comes into view. It is wielding a +0 whip.
The gnoll hits you but does no damage. The gnoll hits you with a +0 flail.
The gnoll misses you. The ogre closely misses you.
There is an open door, spattered with blood here.
You slash the gnoll!
The gnoll is severely wounded.
You barely miss the gnoll. You hit the ogre. The gnoll closely misses you.
The gnoll hits you with a +0 flail! The gnoll hits you but does no damage.
The ogre barely misses you.
You barely miss the gnoll.
The gnoll is severely wounded.
You hit the gnoll. Lightning courses through the gnoll!
You kill the gnoll!
Okawaru accepts your kill.
You hit the ogre. The gnoll hits you with a +0 spear.
The gnoll hits you from afar with a +0 spear.
The gnoll misses you. x2
The ogre hits you with a +0 giant spiked club!!
You slash the gnoll!
You kill the gnoll!
Okawaru accepts your kill.
You hit the ogre. You hit the gnoll.
The gnoll hits you from afar with a +0 spear!
The gnoll barely misses you.
The ogre hits you with a +0 giant spiked club!!
You die...

#......... #.........
#........ #....... #.....#
#.....# ..... #g....#
#+###.... #)Og..######
........#+######@##......#
........#.......).#......#
........+.........#......#
........######....#......#
...†....#...#######......#
........#...# #......#
........'...# #......#
........#...# #......#
........#)..#######......#


You could see an ogre and 2 gnolls.

Vanquished Creatures
  Sigmund (D:4)
  2 black bears (D:4)
  A scorpion (D:4)
  2 hounds (D:5)
  A jelly (D:5)
  3 iguanas
  2 gnolls (D:5)
  7 adders
  An ufetubus (D:4)
  3 worms
  6 orcs
  4 bats
  9 endoplasms
  A giant cockroach (D:1)
  12 goblins
  7 hobgoblins
  11 jackals
  3 kobolds
  3 quokkas (D:4)
  6 ball pythons
  3 frilled lizards
  4 rats
92 creatures vanquished.

Notes
Turn   | Place    | Note
-------+----------+-------------------------------------------
     0 | D:1      | Kazon the Demonspawn Gladiator began the quest for the Orb.
     0 | D:1      | Reached XP level 1. HP: 16/16 MP: 1/1
    51 | D:1      | Identified a scroll of acquirement
    51 | D:1      | Acquired a +2 executioner's axe of electrocution
    91 | D:1      | Gained mutation: You have a pair of small antennae on your
                  | head. [demonic ancestry]
    91 | D:1      | Reached XP level 2. HP: 14/23 MP: 2/2
   316 | D:1      | Reached skill level 3 in Axes
   378 | D:1      | Gained mutation: You are partially covered in rugged brown
                  | scales. (AC +1, +3% HP) [demonic ancestry]
   378 | D:1      | Reached XP level 3. HP: 23/28 MP: 3/3
   861 | D:2      | Reached skill level 1 in Stealth
   934 | D:2      | Reached skill level 1 in Armour
   939 | D:2      | Reached XP level 4. HP: 25/35 MP: 4/4
  1490 | D:3      | Found a blossoming altar of Fedhas.
  1703 | D:3      | Identified the +2 sling "Qeuhanocyt" {speed, rElec Str-3
                  | Dex+2}
  1720 | D:3      | Found a faded altar of an unknown god.
  1768 | D:3      | Found a stormy altar of Qazlal.
  1896 | D:4      | Found a staircase to the Ecumenical Temple.
  1904 | Temple   | Entered the Ecumenical Temple
  1918 | Temple   | Became a worshipper of Warmaster Okawaru
  1963 | D:4      | Noticed a scorpion
  1969 | D:4      | Killed a scorpion
  1970 | D:4      | Gained mutation: You regenerate a little health from kills.
                  | [demonic ancestry]
  1970 | D:4      | Reached XP level 5. HP: 40/40 MP: 5/5
  2016 | D:4      | Reached skill level 1 in Invocations
  2179 | D:4      | Reached skill level 4 in Axes
  2251 | D:4      | Noticed a black bear
  2255 | D:4      | Killed a black bear
  2255 | D:4      | Reached * piety under Okawaru
  2256 | D:4      | Gained mutation: You have a pair of antennae on your head.
                  | [demonic ancestry]
  2256 | D:4      | Reached XP level 6. HP: 41/47 MP: 7/7
  2466 | D:4      | Found a hazy altar of Hepliaklqana.
  2467 | D:4      | Found a shadowy altar of Dithmenos.
  2467 | D:4      | Noticed a shadow
  2569 | D:4      | Noticed Sigmund
  2585 | D:4      | Killed Sigmund
  2586 | D:4      | Gained mutation: You have a pair of large antennae on your
                  | head. (SInv) [demonic ancestry]
  2586 | D:4      | Reached XP level 7. HP: 32/53 MP: 8/8
  2616 | D:5      | Entered Level 5 of the Dungeon
  2642 | D:5      | Reached skill level 1 in Evocations
  2775 | D:5      | Slain by an ogre

Illustrated notes

Levels and vault maps discovered:
D:1:      ebering_trefoil_3fold, layout_basic, st_stairs_14, serial_bayou_ford_a
D:2:      layout_basic, hangedman_decor_growths, minmay_close_crescents
D:3:      layout_rooms, mainiacjoe_overflow_concentric_impassable,
          mainiacjoe_overflow_paths, shapermc_ecumenical_altar_acropolis,
          chequers_serial_rivers_micro_b
D:4:      layout_basic, riverfiend_overflow_shadow_ancestor,
          minmay_temple_entry_glass, uniq_sigmund
D:5:      layout_gridville
Temple:   nicolae_temple_elliptical

Skill      XL: |  1  2  3  4  5  6  7 |
---------------+----------------------+-----
Axes           | 3 4 |  4.9
Stealth        | 1 2 |  2.9
Dodging        | 3 |  3.2
Throwing       | 2 3 |  3.1
Armour         | 1 2 |  2.0
Invocations    | 1 2 3 |  3.0
Fighting       | 3 |  3.2
Evocations     | 1 |  1.6

Action                     |  1- 3 |  4- 6 |  7- 9 || total
---------------------------+-------+-------+-------++-------
  Melee: War axe           |    25 |       |       ||    25
         Executioner's axe |    83 |    94 |    18 ||   195
  Throw: Stone             |       |     4 |    11 ||    15
         Dart              |       |     7 |     9 ||    16
    Use: Scroll            |     2 |       |       ||     2
   Stab: Sleeping          |     1 |     5 |     1 ||     7
 Armour: Leather armour    |    44 |    19 |     5 ||    68
  Dodge: Dodged            |   105 |    61 |    18 ||   184
